 Dungeon Crawl Stone Soup version 0.23-a0-358-g98c7a59 (webtiles) character file.

2719 Cryolive the Geomancer (level 9, -3/47 HPs)
             Began as a Gargoyle Earth Elementalist on Oct 22, 2018.
             Was a Follower of Vehumet.
             Slain by a wyvern (11 damage)
             ... on level 8 of the Dungeon.
             The game lasted 00:49:16 (7690 turns).

Cryolive the Geomancer (GrEE)                       Turns: 7690, Time: 00:49:17

Health: -3/47      AC: 11    Str: 13    XL:     9   Next: 66%
Magic:  3/19       EV: 12    Int: 18    God:    Vehumet [*.....]
Gold:   337        SH:  3    Dex: 10    Spells: 12/22 levels left

rFire    . . .     SeeInvis .   D - +2 mace (protect)
rCold    . . .     Gourm    .   (no shield)
rNeg     + . .     Faith    .   c - +0 robe
rPois    ∞         Spirit   .   (no helmet)
rElec    +         Reflect  +   B - +0 cloak of Tiqodosa {+Blink rPois}
rCorr    .         Harm     .   (no gloves)
MR       +....                  y - +1 pair of boots
Stlth    ++........             u - +3 amulet of reflection
HPRegen  0.15/turn              j - ring of protection from magic
MPRegen  0.16/turn              (no ring)

@: very slightly contaminated
A: negative energy resistance 1, electricity resistance, unbreathing,
petrification resistance, rot immunity, AC +6
a: Renounce Religion, Evoke Blink


You were on level 8 of the Dungeon.
You worshipped Vehumet.
Vehumet was aware of your devotion.
You were not hungry.

You visited 2 branches of the dungeon, and saw 9 of its levels.

You collected 337 gold pieces.

Inventory:

Hand Weapons
 D - a +2 mace of protection (weapon)
Missiles
 b - 62 stones (quivered)
Armour
 c - a +0 robe (worn)
 y - a +1 pair of boots (worn)
 B - the +0 cloak of Tiqodosa (worn) {+Blink rPois}
   (You found it on level 6 of the Dungeon)

   It protects you from poison.
   It lets you blink.
Jewellery
 i - an uncursed ring of fire {unknown}
 j - a ring of protection from magic (left hand)
 r - an uncursed ring of wizardry {unknown}
 u - a +3 amulet of reflection (around neck)
 G - a cursed ring of attention {unknown}
Wands
 F - a wand of iceblast (8)
Scrolls
 a - 4 scrolls of teleportation
 e - 2 scrolls of noise {unknown}
 f - a scroll of amnesia {unknown}
 h - a scroll of enchant weapon {unknown}
 l - 2 scrolls of fog
 n - 6 scrolls of remove curse
 o - 2 scrolls of blinking
 q - a scroll of immolation {unknown}
 s - a scroll of fear {unknown}
 A - 3 scrolls of identify
Potions
 g - a potion of brilliance
 k - a potion of cancellation
 m - a potion of heal wounds
 p - 3 potions of flight {unknown}
 t - a potion of agility {unknown}
 v - 4 potions of degeneration
 w - 2 potions of lignification {unknown}
 x - a potion of might {unknown}
 z - a potion of haste {unknown}
 C - 2 potions of curing
 E - a potion of resistance {unknown}
Comestibles
 d - 10 rations


   Skills:
 + Level 1.2 Fighting
 + Level 1.3 Maces & Flails
 + Level 1.3 Armour
 + Level 2.0 Dodging
 - Level 2.1 Stealth
 + Level 7.1 Spellcasting
 + Level 6.8 Conjurations
   Level 0.7 Transmutations
 + Level 9.7 Earth Magic
 + Level 1.1 Evocations


You had 12 spell levels left.
You knew the following spells:

 Your Spells              Type           Power        Failure   Level  Hunger
a - Sandblast             Erth           #####.       1%          1    None
b - Stone Arrow           Conj/Erth      #####.       1%          3    ##.....
c - Lee's Rapid Deconstr  Erth           #####.....   5%          5    #####..
d - Flame Tongue          Conj/Fire      ###..        2%          1    None

Your spell library contained the following spells:

 Spells                   Type           Power        Failure   Level  Hunger
 Passwall                 Tmut/Erth      ####....     1%          2    None
 Petrify                  Tmut/Erth      ####....     12%         4    ####...


Dungeon Overview and Level Annotations

Branches:
Dungeon (8/15)             Temple (1/1) D:7
   Lair: D:8-11

Altars:
Ashenzari
Cheibriados
Dithmenos
Elyvilon
Fedhas
Gozag
Hepliaklqana
Kikubaaqudgha
Makhleb
Nemelex Xobeh
Okawaru
Qazlal
Ru
Sif Muna
Trog
Vehumet
Wu Jian
Xom
Yredelemnul
Zin
The Shining One

Shops:
D:5 =


Innate Abilities, Weirdness & Mutations

You are resistant to torment.
Your stone body is resilient. (AC +6)
You are immune to poison.
You resist negative energy. (rN+)
You are resistant to electric shocks. (rElec)
You can survive without breathing.
You are immune to petrification.
You are immune to rotting.


Message History

Ye see 'ere a slin' bullet.
Blink ta where?
Press: ? - help, Dir - move target cursor Ye be very lightly contaminated wit' residual magic.
As ye read tha scroll o' blinkin', it crumbles ta dust.
Castin': Sandblast (safe; 1% risk o' failure) Confirm wit' . or Enter, or press ? or * ta list all spells.
Aimin': Sandblast (safe; 1% risk o' failure)
Press: ? - help, Shift-Dir - straight line, f - wyvern
Aim: a wyvern Okay, than.
Castin': Sandblast (safe; 1% risk o' failure) Confirm wit' . or Enter, or press ? or * ta list all spells.
Aimin': Stone Arrow (safe; 1% risk o' failure)
Press: ? - help, Shift-Dir - straight line, f - wyvern
Aim: a wyvern Tha stone arrow hits tha wyvern.
Tha wyvern be moderately wounded.
Tha wyvern bites ye!
Ye die...

###############
#.(....(...((.#
#@###########)# #l#
#.# #.###########.##
#§.............#
#......#.......#
#......#.#.###.###
#......#.#.......#
###.................
#.......##.#####....


You could see a wyvern.

Vanquished Creatures
  Joseph (D:8)
  Grinder (D:6)
  Sigmund (D:2)
  2 orc warriors (D:8)
  A sky beast (D:8)
  2 ogres (D:7)
  3 centaurs
  A big kobold (D:4)
  Blork the orc (D:6)
  A gnoll sergeant (D:6)
  A scorpion (D:7)
  A howler monkey (D:4)
  A crimson imp (D:6)
  A bullfrog zombie (D:8)
  2 bullfrog skeletons
  An orc priest (D:8)
  Crazy Yiuf (D:6)
  4 hounds
  An iguana (D:7)
  5 orc wizards
  4 worker ants
  A killer bee zombie (D:5)
  A hound zombie (D:7)
  Robin (D:2)
  A howler monkey zombie (D:7)
  19 gnolls
  9 adders
  3 worms
  3 dart slugs
  8 leopard geckos
  8 orcs
  3 ball pythons
  5 giant cockroaches
  13 hobgoblins
  5 bats
  7 frilled lizards
  10 goblins
  12 kobolds
  A quokka skeleton (D:8)
  9 rats
155 creatures vanquished.

Vanquished Creatures (others)
  A centaur (D:7)
1 creature vanquished.

Grand Total: 156 creatures vanquished

Notes
Turn   | Place    | Note
-------+----------+-------------------------------------------
     0 | D:1      | Cryolive the Gargoyle Earth Elementalist began the quest
                  | for the Orb.
     0 | D:1      | Reached XP level 1. HP: 10/10 MP: 3/3
   390 | D:1      | Reached XP level 2. HP: 5/15 MP: 5/5
   394 | D:1      | Reached skill level 4 in Earth Magic
  1149 | D:1      | Reached XP level 3. HP: 9/19 MP: 6/6
  1207 | D:2      | Noticed Sigmund
  1501 | D:2      | Killed Sigmund
  1501 | D:2      | Reached skill level 5 in Earth Magic
  1501 | D:2      | Reached XP level 4. HP: 20/24 MP: 1/9
  1501 | D:2      | Reached XP level 5. HP: 23/28 MP: 1/10
  1507 | D:2      | Learned a level 3 spell: Stone Arrow
  1594 | D:2      | Found a shattered altar of Ashenzari.
  1673 | D:2      | Noticed Robin
  1679 | D:2      | Killed Robin
  1690 | D:2      | Reached skill level 6 in Earth Magic
  1701 | D:2      | Reached XP level 6. HP: 17/32 MP: 2/12
  2025 | D:2      | Reached skill level 1 in Conjurations
  3591 | D:4      | Reached XP level 7. HP: 6/36 MP: 13/13
  4450 | D:5      | Entered Level 5 of the Dungeon
  4492 | D:5      | Reached skill level 7 in Earth Magic
  4578 | D:5      | Found Ifag's Jewellery Boutique.
  4643 | D:5      | Reached skill level 5 in Spellcasting
  5032 | D:6      | Found a runed door.
  5328 | D:6      | Got a pitted cloak
  5334 | D:6      | Identified the +0 cloak of Tiqodosa {+Blink rPois} (You
                  | found it on level 6 of the Dungeon)
  5473 | D:6      | Noticed Grinder
  5476 | D:6      | Reached XP level 8. HP: 17/41 MP: 0/16
  5687 | D:5      | HP: 1/41 [centaur/+0 hand axe (5)]
  5923 | D:6      | Killed Grinder
  5923 | D:6      | Reached skill level 8 in Earth Magic
  5977 | D:6      | Noticed Blork the orc
  5997 | D:6      | Killed Blork the orc
  6111 | D:6      | Noticed Crazy Yiuf
  6113 | D:6      | Killed Crazy Yiuf
  6113 | D:6      | Reached skill level 5 in Conjurations
  6203 | D:7      | Found a staircase to the Ecumenical Temple.
  6482 | D:7      | Learned a level 5 spell: Lee's Rapid Deconstruction
  6521 | Temple   | Entered the Ecumenical Temple
  6644 | Temple   | Became a worshipper of Vehumet
  7110 | D:7      | Reached XP level 9. HP: 36/45 MP: 18/18
  7116 | D:7      | Reached skill level 9 in Earth Magic
  7474 | D:8      | Reached * piety under Vehumet
  7474 | D:8      | Offered knowledge of Flame Tongue by Vehumet.
  7537 | D:8      | Learned a level 1 spell: Flame Tongue
  7614 | D:8      | Noticed Joseph
  7661 | D:8      | Killed Joseph
  7661 | D:8      | Reached skill level 1 in Fighting
  7661 | D:8      | Reached skill level 1 in Maces & Flails
  7661 | D:8      | Reached skill level 1 in Armour
  7661 | D:8      | Reached skill level 1 in Evocations
  7690 | D:8      | Slain by a wyvern

Vault maps used:
D:1:      sevenhm_arrival_forest_fort_small_3
D:2:      first_ration, nicolae_ashenzari_panopticon, uniq_sigmund, uniq_robin
D:4:      skrybe_limestone_x
D:5:      serial_shops, nicolae_shop_stone
D:6:      uniq_grinder, uniq_blork_the_orc, uniq_crazy_yiuf_cottage
D:7:      minmay_temple_entry_junction_2, small_statue_alley_b
D:8:      dancing_weapons_uskayaw, grunt_pizzeria, uniq_joseph
Temple:   compressed_dpeg_circular_temple

Skill      XL: |  1  2  3  4  5  6  7  8  9 |
---------------+----------------------------+-----
Earth Magic    | 4 5 6 7 8 9 |  9.7
Spellcasting   | 3 4 5 6 7 |  7.1
Conjurations   | 2 4 5 6 |  6.8
Fighting       | 1 |  1.2
Maces & Flails | 1 |  1.3
Armour         | 1 |  1.3
Dodging        | 2 |  2.0
Evocations     | 1 |  1.1
Stealth        | |  2.1
Transmutations | |  0.7

Action                   |  1- 3 |  4- 6 |  7- 9 || total
-------------------------+-------+-------+-------++-------
Melee: Short sword       |    77 |   167 |       ||   244
       Unarmed           |    25 |       |       ||    25
       Flail             |       |    43 |   102 ||   145
       Mace              |       |       |    61 ||    61
 Cast: Sandblast         |    19 |    43 |    92 ||   154
       Stone Arrow       |       |     1 |    24 ||    25
  Use: Potion            |       |     2 |     2 ||     4
       Scroll            |       |     1 |     8 ||     9
 Stab: Sleeping          |     1 |     1 |       ||     2
  Eat: Chunk             |     2 |     4 |     1 ||     7
       Ration            |       |     1 |     4 ||     5
Armor: Robe              |    39 |    84 |   100 ||   223
Dodge: Dodged            |    70 |   175 |   145 ||   390
Block: Other             |       |     4 |    45 ||    49
       Reflection        |       |       |     4 ||     4

Table legend:
 A = Non-vault XP
 B = Vault XP
 C = Vault XP percentage of total XP
 D = Non-vault monster count
 E = Vault monster count
 F = Vault count percentage of total count
                 A         B        C        D         E       F
            +---------+---------+-------+---------+---------+-------
      Total |    2767 |    1118 |  28.8 |     140 |      16 |  10.3
            +---------+---------+-------+---------+---------+-------
        D:1 |      36 |       0 |   0.0 |      21 |       0 |   0.0
        D:2 |      37 |     267 |  87.8 |      22 |      12 |  35.3
        D:3 |     254 |       0 |   0.0 |      35 |       0 |   0.0
        D:4 |     210 |       0 |   0.0 |       6 |       0 |   0.0
        D:5 |     289 |       0 |   0.0 |      13 |       0 |   0.0
        D:6 |     276 |     385 |  58.2 |       9 |       3 |  25.0
        D:7 |     700 |       0 |   0.0 |      18 |       0 |   0.0
        D:8 |     965 |     466 |  32.6 |      16 |       1 |   5.9
            +---------+---------+-------+---------+---------+-------
